 Dungeon Crawl Stone Soup version 0.27-a0-972-gd1521fd518 (webtiles) character file.

Game seed: 8394794067084522532

92 tardwrangler69 the Digger (level 4, -2/33 HPs)
             Began as a Draconian Earth Elementalist on Apr 13, 2021.
             Killed by nerve-wracking pain
             ... invoked by an orc priest
              (7 damage)
             ... on level 2 of the Dungeon.
             The game lasted 00:01:44 (2872 turns).

tardwrangler69 the Digger (DrEE)                    Turns: 2872, Time: 00:01:45

Health: -2/33      AC:  6    Str: 10    XL:     4   Next: 35%
Magic:  0/8        EV: 12    Int: 16    God:
Gold:   69         SH:  0    Dex: 12    Spells: 7/8 levels left

rFire    . . .     SeeInvis .   a - +0 dagger
rCold    . . .     Faith    .   (no shield)
rNeg     . . .     Spirit   .   (armour unavailable)
rPois    .         Reflect  .   (helmet restricted)
rElec    .         Harm     .   d - +0 cloak
rCorr    .         Rampage  .   (no gloves)
Will     .....                  (no boots)
Stlth    ++........             (no amulet)
HPRegen  0.11/turn              (no ring)
MPRegen  0.11/turn              (no ring)

@: no status effects
A: AC +5, unfitting armour, cold-blooded
a: no special abilities


You were on level 2 of the Dungeon.
You visited 1 branch of the dungeon, and saw 2 of its levels.

You collected 69 gold pieces.

Inventory:

Hand Weapons
 a - a +0 dagger (weapon)
Missiles
 b - 56 stones
Armour
 d - a +0 cloak (worn)
Scrolls
 e - a scroll of teleportation {unknown}
 f - a scroll of vulnerability {unknown}
 g - a scroll of identify {unknown}
 i - a scroll of immolation {unknown}
Potions
 c - 2 potions of curing {unknown}
 h - 2 potions of degeneration {unknown}


   Skills:
 - Level 1.7 Dodging
 - Level 1.7 Stealth
 + Level 2.9 Spellcasting
 - Level 1.0 Transmutations
 * Level 4.6 Earth Magic


You had 7 spell levels left.
You knew the following spells:

 Your Spells              Type           Power      Damage    Failure   Level
a - Sandblast             Erth           34%        2d9       2%          1

Your spell library contained the following spells:

 Spells                   Type           Power      Damage    Failure   Level
 Passwall                 Tmut/Erth      9%         N/A       9%          2
 Stone Arrow              Conj/Erth      18%        3d8       22%         3
 Petrify                  Tmut/Erth      11%        N/A       52%         4
 Lee's Rapid Deconstruct  Erth           8%         3d8*      61%         5


Dungeon Overview and Level Annotations

Branches:
Dungeon (2/15)

Altars:
Xom


Innate Abilities, Weirdness & Mutations

Your plain brown scales are hard. (AC +5)
You cannot fit into any form of body armour.
You are cold-blooded and may be slowed by cold attacks.


Message History

Press: ? - help, Shift-Dir - straight line, f/p - orc wizard
Aim: an orc wizard, wielding a +2 dagger of holy wrath and wearing a +0 robe (lightly wounded, 26% to evade)
The blast of sand hits the orc wizard.
The orc wizard is heavily wounded.
The orc wizard gestures at you while chanting.
The puff of flame hits you but does no damage.
Casting: Sandblast (safe; 3% risk of failure)
Confirm with . or Enter, or press ? or * to list all spells.
Aiming: Sandblast (safe; 3% risk of failure)
Press: ? - help, Shift-Dir - straight line, f/p - orc wizard
Aim: an orc wizard, wielding a +2 dagger of holy wrath and wearing a +0 robe (heavily wounded, 26% to evade)
The blast of sand hits the orc wizard.
The orc wizard is severely wounded.
The orc wizard hits you with a +2 dagger of holy wrath.
Casting: Sandblast (safe; 3% risk of failure)
Confirm with . or Enter, or press ? or * to list all spells.
Aiming: Sandblast (safe; 3% risk of failure)
Press: ? - help, Shift-Dir - straight line, f/p - orc wizard
Aim: an orc wizard, wielding a +2 dagger of holy wrath and wearing a +0 robe (severely wounded, 26% to evade)
The blast of sand hits the orc wizard.
You kill the orc wizard!
You have reached level 4!
You feel agile.
Casting: Sandblast (safe; 2% risk of failure)
Confirm with . or Enter, or press ? or * to list all spells.
You don't have enough magic to cast this spell.
Casting: Sandblast (safe; 2% risk of failure)
Confirm with . or Enter, or press ? or * to list all spells.
Aiming: Sandblast (safe; 2% risk of failure)
Press: ? - help, Shift-Dir - straight line, f - orc priest
Aim: an orc priest, wielding a +0 war axe (21% to evade)
The blast of sand hits the orc priest.
The orc priest is lightly wounded.
The orc priest barely misses you.
The orc priest invokes the aid of Beogh against you.
Beogh smites you!
* * * LOW HITPOINT WARNING * * *
The orc priest calls down the wrath of Beogh upon you.
Pain shoots through your body!
You die...

.####################..#
### .# #>.# .# #####..#
.# #...#..# .#
######>#.#..# .#
#......#....## .#
#########.#....#.....#
.###.........>.#######.##
................@.#.....#
####.######...###.#.##.##
#.# ##### #.#.##.# #.#
#o>.##.# ####.# #o####..
.....# #.# ### ######
#.######... ....#######
#...o)..... ..........#
########...


You could see an orc priest and an orc.

Vanquished Creatures
  An orc wizard (D:2)
  2 adders (D:2)
  A dart slug (D:1)
  An orc (D:2)
  7 bats
  3 endoplasms
  2 giant cockroaches (D:1)
  6 goblins
  3 hobgoblins (D:1)
  4 kobolds
  3 quokkas (D:1)
  3 ball pythons (D:1)
  9 rats
45 creatures vanquished.

Notes
Turn   | Place    | Note
-------+----------+-------------------------------------------
     0 | D:1      | tardwrangler69 the Draconian Earth Elementalist began the
                  | quest for the Orb.
     0 | D:1      | Reached XP level 1. HP: 14/14 MP: 3/3
   463 | D:1      | Reached XP level 2. HP: 20/20 MP: 5/5
  1586 | D:1      | Reached XP level 3. HP: 26/26 MP: 6/6
  1656 | D:1      | Reached skill level 4 in Earth Magic
  2080 | D:2      | Found a faded altar of an unknown god.
  2084 | D:2      | Found a shimmering altar of Xom.
  2864 | D:2      | Reached XP level 4. HP: 16/33 MP: 0/8
  2872 | D:2      | Killed from afar by an orc priest

Illustrated notes

Levels and vault maps discovered:
D:1:      dpeg_arrival_subterranean_lakeside_camping, layout_loops_ring,
          serial_forest, infiniplex_forest_end_2, infiniplex_forest_lined_2,
          infiniplex_forest_corner_1, infiniplex_forest_clump_curved,
          infiniplex_forest_straight_3, infiniplex_forest_straight_3
D:2:      minmay_angry_zag, layout_loops_ring, basic_altar,
          chequers_ecumenical_altar_island, st_stairs_10

Skill      XL: |  1  2  3 |
---------------+----------+-----
Earth Magic    | 4 |  4.6
Dodging        | |  1.7
Stealth        | |  1.7
Spellcasting   | |  2.9
Transmutations | |  1.0

Action                   |  1- 3 |  4- 6 || total
-------------------------+-------+-------++-------
Melee: Dagger            |   153 |       ||   153
       Unarmed           |    11 |       ||    11
       Tailslap          |    11 |       ||    11
 Cast: Sandblast         |    21 |     1 ||    22
 Stab: Sleeping          |     9 |       ||     9
Armor: Skin              |    61 |       ||    61
Dodge: Dodged            |   114 |     1 ||   115

Table legend: (Time is in decaauts)
 A = Elapsed time spent in this place.
 B = Non-inter-level travel time spent in this place.
 C = Inter-level travel time spent in this place.
 D = Time resting spent in this place.
 E = Time spent auto-exploring this place.
 F = Levels seen in this place.
 G = Mean time per level.
                   A        B        C        D        E       F      G
               +--------+--------+--------+--------+--------+-----+--------+
         Total |   2877 |   2852 |     25 |     17 |   2467 |   2 | 1438.5 |
       Dungeon |   2877 |   2852 |     25 |     17 |   2467 |   2 | 1438.5 |
               +--------+--------+--------+--------+--------+-----+--------+

Top non-repeatable levels by time:
     D:1: 2036 daAuts
     D:2: 841 daAuts
